 Dungeon Crawl Stone Soup version 0.31-a0-1308-ga3cce3a448 (webtiles) character file.

Game seed: 5774715231318381015

107 Curundu the Slasher (level 4, -2/41 HPs)
             Began as a Minotaur Berserker on Dec 19, 2023.
             Was a Believer of Trog.
             Slain by Sigmund
             ... wielding a +0 scythe
              (8 damage)
             ... on level 3 of the Dungeon.
             The game lasted 00:06:02 (2005 turns).

Curundu the Slasher (Minotaur Berserker)            Turns: 2005, Time: 00:06:03

Health: -2/41      AC:  6    Str: 23    XL:     4   Next: 57%
Magic:  0/3        EV: 12    Int:  4    God:    Trog [**....]
Gold:   84         SH:  0    Dex: 10    Spells: 3/3 levels left

rFire   . . .        s - +2 mace (protect)
rCold   . . .        (no shield)
rNeg    . . .        q - +0 steam dragon scales
rPois   .            (helmet restricted)
rElec   .            (no cloak)
rCorr   .            (no gloves)
SInv    .            g - +0 pair of boots
Will    .....        u - amulet of guardian spirit
Stlth   +            c - ring of fire
HPRegen 0.26/turn    p - ring of ice
MPRegen 0.08/turn

%: guardian spirit
@: no status effects
A: horns 2, retaliatory headbutt
a: Renounce Religion, Berserk, Trog's Hand


You were on level 3 of the Dungeon.
You worshipped Trog.
Trog was pleased with you.
You visited 1 branch of the dungeon, and saw 3 of its levels.

You collected 84 gold pieces.

Inventory:

Hand Weapons
 s - a +2 mace of protection (weapon)
Missiles
 a - a throwing net
 l - 5 javelins (quivered)
Armour
 b - a +0 animal skin
 g - a +0 pair of boots (worn)
 q - +0 steam dragon scales (worn)
Jewellery
 c - a ring of fire (left hand)
 p - a ring of ice (right hand)
 u - an amulet of guardian spirit (around neck)
Wands
 t - a wand of polymorph (13)
Scrolls
 d - a scroll of blinking {unknown}
 e - a scroll of identify {unknown}
 f - 3 scrolls of teleportation {unknown}
 i - a scroll of amnesia {unknown}
 j - a scroll of enchant armour {unknown}
 k - a scroll of vulnerability {unknown}
 n - a scroll of poison {unknown}
 o - a scroll of immolation {unknown}
Potions
 h - a potion of heal wounds {unknown}
 m - 2 potions of lignification {unknown}
 r - a potion of curing {unknown}


   Skills:
 + Level 4.4 Fighting
 + Level 5.0 Long Blades
 + Level 0.4 Maces & Flails
 + Level 2.7 Armour
 + Level 3.2 Dodging
 + Level 0.3 Stealth


You had 3 spell levels left.
You didn't know any spells.
Your spell library contained the following spells:

 Spells                   Type           Power      Damage    Failure   Level
 Foxfire                  Conj/Fire      0%         2x1d4     50%         1
 Tukima's Dance           Hex            0%         N/A       86%         3
 Passage of Golubria      Tloc           0%         N/A       99%         4
 Yara's Violent Unravell  Hex/Tmut       0%         3d3       100%        5
 Plasma Beam              Fire/Air       0%         2x1d10    100%        6
 Starburst                Conj/Fire      0%         6d3       100%        6


Dungeon Overview and Level Annotations

Branches:
Dungeon (3/15)

Altars:

Annotations:
D:3 Sigmund


Innate Abilities, Weirdness & Mutations

You have a pair of horns on your head.
You reflexively headbutt those who attack you in melee.


Message History

The giant cockroach closely misses you. You furiously retaliate!
You headbutt the giant cockroach.
You kill the giant cockroach!
Trog accepts your kill.
A goblin comes into view. It is wielding a +2 dagger of venom.
Sigmund hits you with a +0 scythe.
You see here a giant cockroach corpse.
You barely miss Sigmund. Sigmund hits you but does no damage.
You hit Sigmund.
Your weapon exudes an aura of protection.
Sigmund is lightly wounded.
Sigmund casts a spell.
Sigmund flickers and vanishes!
Deactivating autopickup; reactivate with Ctrl-A.
You miss something.
You hear some strange, mumbled words.
You are confused.
Something hits you!
You miss something. Something hits you but does no damage.
You hit something.
Your weapon exudes an aura of protection.
Your headbutt misses something.
You hear some strange, mumbled words.
You are more confused.
Something hits you! Something hits you but does no damage. Something hits you.
You bump into the rock wall.
Something hits you. Something hits you. Something hits you!
* * * LOW HITPOINT WARNING * * *
Things that are here:
a +0 dagger; a goblin corpse Something hits you.
* * * LOW HITPOINT WARNING * * *
You closely miss something. Your headbutt misses something.
You feel less confused. Something hits you!
You die...

#.####..####..#.## #.#
#..........## #.#
#.#####...## #.# #.# #...#
###.####.#####...##
#.....##.##........
.######.....##.##.###.####
..........)..........##
####..@†.#.###.####
#..{..#.# #.# #.....#.#
#.# #.#.#.#.# ###
.....#[#.# ###.#.#.#.#
#.....#.# ###.### .#


There were no monsters in sight!

Vanquished Creatures
  3 gnolls (D:2)
  An adder (D:2)
  2 worms (D:2)
  A dart slug (D:1)
  5 bats
  5 endoplasms
  5 giant cockroaches
  6 goblins
  4 hobgoblins
  11 jackals
  2 quokkas (D:1)
  5 ball pythons
  A frilled lizard (D:1)
  A kobold (D:1)
  A rat (D:1)
53 creatures vanquished.

Notes
Turn   | Place    | Note
-------+----------+-------------------------------------------
     0 | D:1      | Curundu the Minotaur Berserker began the quest for the Orb.
     0 | D:1      | Reached XP level 1. HP: 19/19 MP: 0/0
   180 | D:1      | Reached XP level 2. HP: 23/27 MP: 1/1
   345 | D:1      | Reached skill level 4 in Long Blades
   427 | D:1      | Reached XP level 3. HP: 21/33 MP: 2/2
   433 | D:1      | Reached ** piety under Trog
   978 | D:2      | Found a faded altar of an unknown god.
  1571 | D:2      | Reached XP level 4. HP: 41/41 MP: 3/3
  1765 | D:2      | Reached skill level 5 in Long Blades
  1980 | D:3      | Noticed Sigmund
  2005 | D:3      | Slain by Sigmund

Illustrated notes

Levels and vault maps discovered:
D:1:      kennysheep_arrival_seaside, layout_rooms, serial_glass,
          glass_columns_b, glass_columns_c, glass_columns_a, glass_columns_b,
          glass_columns_c, glass_columns_b, glass_columns_a, glass_columns_a,
          corexii_hall_statues_x
D:2:      layout_loops_ring, ebering_ecumenical_altar_petrified
D:3:      kennysheep_big_flooded_room, layout_loops_ring, uniq_sigmund,
          uniq_terence, uniq_robin

Skill      XL: |  1  2  3  4 |
---------------+-------------+-----
Fighting       | 4 |  4.4
Long Blades    | 4 5 |  5.0
Dodging        | 3 |  3.2
Maces & Flails | |  0.4
Armour         | |  2.7
Stealth        | |  0.3

Action                     |  1- 3 |  4- 6 || total
---------------------------+-------+-------++-------
  Melee: Falchion          |   101 |       ||   101
         Punch             |     2 |     1 ||     3
         Headbutt          |    13 |     1 ||    14
         Mace              |     2 |    41 ||    43
   Stab: Sleeping          |     1 |       ||     1
 Armour: Animal skin       |    66 |       ||    66
         Skin              |     2 |       ||     2
         Steam dragon scal |       |    42 ||    42
  Dodge: Dodged            |    72 |    31 ||   103

Table legend: (Time is in decaauts)
 A = Elapsed time spent in this place.
 B = Non-inter-level travel time spent in this place.
 C = Inter-level travel time spent in this place.
 D = Time resting spent in this place.
 E = Time spent auto-exploring this place.
 F = Levels seen in this place.
 G = Mean time per level.
                   A        B        C        D        E       F      G
               +--------+--------+--------+--------+--------+-----+--------+
         Total |   2030 |   2030 |      0 |      0 |   1433 |   3 |  676.7 |
       Dungeon |   2030 |   2030 |      0 |      0 |   1433 |   3 |  676.7 |
               +--------+--------+--------+--------+--------+-----+--------+

Top non-repeatable levels by time:
     D:2: 1098 daAuts
     D:1: 856 daAuts
     D:3: 76 daAuts
